 Dungeon Crawl Stone Soup version 0.30-a0-341-g682706514a (webtiles) character file.

Game seed: 190291758290141697

1155 retardedninja the Chopper (level 8, 0/71 HPs)
             Began as a Hill Orc Fighter on Nov 2, 2022.
             Was an Initiate of Gozag.
             Slain by an ogre
             ... wielding a +0 giant club
              (26 damage)
             ... on level 6 of the Dungeon.
             The game lasted 00:08:12 (6003 turns).

retardedninja the Chopper (Hill Orc Fighter)        Turns: 6003, Time: 00:08:12

Health: 0/71       AC:  8    Str: 21    XL:     8   Next: 39%
Magic:  8/8        EV:  9    Int:  8    God:    Gozag
Gold:   733        SH:  5    Dex: 10    Spells: 7/7 levels left

rFire   . . .      SeeInvis .    a - +0 war axe (flame)
rCold   . . .      Faith    .    c - +0 buckler
rNeg    . . .      Spirit   .    b - +0 scale mail
rPois   .          Reflect  .    o - +0 helmet
rElec   .          Harm     .    (no cloak)
rCorr   .          Rampage  .    (no gloves)
Will    .....                    (no boots)
Stlth   ..........               l - amulet of the acrobat
HPRegen 0.31/turn                (no ring)
MPRegen 0.11/turn                (no ring)

@: gold aura
A: no striking features
a: Renounce Religion, Potion Petition, Call Merchant, Bribe Branch


You were on level 6 of the Dungeon.
You worshipped Gozag.
Gozag was pleased with you.
You visited 2 branches of the dungeon, and saw 7 of its levels.

You collected 801 gold pieces.
You paid 68 gold pieces to Gozag.

Inventory:

Hand Weapons
 a - a +0 war axe of flaming (weapon)
Missiles
 k - 7 boomerangs (quivered)
Armour
 b - a +0 scale mail (worn)
 c - a +0 buckler (worn)
 o - a +0 helmet (worn)
Jewellery
 l - an amulet of the acrobat (around neck)
Wands
 n - a wand of flame (26)
 p - a wand of iceblast (8)
Scrolls
 d - 3 scrolls of magic mapping
 g - 3 scrolls of blinking
 i - 4 scrolls of teleportation
Potions
 e - a potion of invisibility {unknown}
 f - a potion of berserk rage {unknown}
 h - a potion of flight
 j - a potion of degeneration {unknown}
 m - 3 potions of ambrosia {unknown}
 q - a potion of curing {unknown}
 r - a potion of heal wounds {unknown}
 t - a potion of lignification {unknown}
 u - a potion of magic {unknown}


   Skills:
 + Level 6.8 Fighting
 + Level 6.9 Axes
 + Level 6.2 Armour
 + Level 6.2 Shields


You had 7 spell levels left.
You didn't know any spells.
Your spell library contained the following spells:

 Spells                   Type           Power      Damage    Failure   Level
 Cigotuvi's Dreadful Rot  Necr/Pois/Air  0%         N/A       91%         2
 Ensorcelled Hibernation  Hex/Ice        0%         N/A       91%         2
 Passwall                 Tmut/Erth      0%         N/A       91%         2
 Swiftness                Air            0%         N/A       99%         3
 Dispel Undead            Necr           0%         3d6       100%        4
 Death Channel            Necr           0%         N/A       100%        6


Dungeon Overview and Level Annotations

Branches:
Dungeon (6/15)             Temple (1/1) D:4

Altars:
Cheibriados
Dithmenos
Fedhas
Gozag
Kikubaaqudgha
Okawaru
Sif Muna
Vehumet
Xom
Zin
The Shining One

Shops:
D:1 (   D:6 :


Message History

Unknown command.
You closely miss the kobold brigand.
The kobold brigand is heavily wounded.
The ogre is no longer distracted by gold.
The kobold brigand hits you but does no damage.
Unknown command.
You closely miss the kobold brigand.
The kobold brigand is heavily wounded.
You block the kobold brigand's attack.
Unknown command.
You hit the kobold brigand. You burn the kobold brigand.
The kobold brigand is severely wounded.
The kobold brigand hits you but does no damage.
Okay, then.
You slash the kobold brigand! You burn the kobold brigand.
You kill the kobold brigand!
The kobold hits you but does no damage.
Unknown command.
You barely miss the kobold. The kobold barely misses you.
Unknown command.
You barely miss the kobold. The kobold closely misses you.
Unknown command.
You hit the kobold but do no damage. The kobold hits you with a +0 whip.
Unknown command.
You closely miss the kobold. The kobold barely misses you.
Unknown command.
You hit the kobold. You burn the kobold.
You kill the kobold!
Unknown command.
You slash the kobold! You burn the kobold.
You kill the kobold!
The ogre hits you with a +0 giant club!!
Unknown command.
You barely miss the ogre. You barely miss the ogre.
The ogre hits you with a +0 giant club!!
You barely miss the ogre.
The ogre hits you with a +0 giant club!!
You die...
Your body crumbles into a pile of gold.

....... #.##.#
#.#.... #.##.#
....<.. ..##.#
....... .
######.######
..##... .. ..
#......# ^.# .#
##.##.###..###.#
..# #≈≈.≈≈.....#
#.# ..
≈≈≈.≈≈≈##.####.##
..
≈≈⌠.⌠≈≈@........#
.
...∩..O###.###.##
#
≈≈⌠.⌠≈≈........#
≈≈≈.≈≈≈####.##.#
.≈≈$≈≈. ..[.#.#
.#.#.#. ###..#.#
....... ...#.#
#...... #.##.#
..##.#


You could see an ogre.

Vanquished Creatures
  An ice beast (D:6)
  2 black bears (D:5)
  An ogre (D:5)
  A kobold brigand (D:6)
  2 necrophages
  A scorpion (D:5)
  A howler monkey (D:4)
  A quasit (D:5)
  A hound (D:6)
  3 orc priests (D:5)
  3 jellies
  3 orc wizards (D:5)
  7 adders
  2 white imps (D:5)
  3 ufetubi
  A worm (D:5)
  12 orcs
  7 ball pythons
  9 bats
  4 endoplasms
  A giant cockroach (D:1)
  7 goblins
  8 hobgoblins
  7 jackals
  4 quokkas
  3 frilled lizards
  2 goblin skeletons (D:5)
  2 hobgoblin zombies (D:5)
  10 kobolds
  A kobold skeleton (D:5)
  3 kobold zombies (D:5)
  An orc skeleton (D:5)
  4 rats
118 creatures vanquished.

Notes
Turn   | Place    | Note
-------+----------+-------------------------------------------
     0 | D:1      | retardedninja the Hill Orc Fighter began the quest for the
                  | Orb.
     0 | D:1      | Reached XP level 1. HP: 19/19 MP: 1/1
    35 | D:1      | Found Ifyf Bepsuo's Weapon Shoppe.
   113 | D:1      | Reached XP level 2. HP: 19/27 MP: 2/2
   820 | D:2      | Reached XP level 3. HP: 33/33 MP: 3/3
  1543 | D:2      | Found a faded altar of an unknown god.
  1939 | D:3      | Reached XP level 4. HP: 38/40 MP: 4/4
  2040 | D:3      | You fall into a shaft and drop 1 floor!
  2040 | D:4      | Found a snail-covered altar of Cheibriados.
  2047 | D:4      | Found a large runed translucent door.
  2047 | D:4      | Found a large runed translucent door.
  2117 | D:4      | Reached XP level 5. HP: 45/47 MP: 5/5
  2135 | D:4      | Found a shimmering blue altar of Sif Muna.
  2164 | D:4      | Found a staircase to the Ecumenical Temple.
  2187 | Temple   | Entered the Ecumenical Temple
  2247 | Temple   | Became a worshipper of Gozag Ym Sagoz the Greedy
  2398 | D:4      | Found a shimmering altar of Xom.
  2874 | D:3      | Found an iron altar of Okawaru.
  3355 | D:4      | Found a blossoming altar of Fedhas.
  3523 | D:5      | Entered Level 5 of the Dungeon
  3523 | D:5      | Noticed an ogre
  4112 | D:5      | Killed an ogre
  4113 | D:5      | Reached skill level 5 in Fighting
  4113 | D:5      | Reached XP level 6. HP: 56/56 MP: 6/6
  4120 | D:5      | Noticed a black bear
  4123 | D:5      | Killed a black bear
  4124 | D:5      | Reached skill level 5 in Axes
  4162 | D:5      | Found a glowing golden altar of the Shining One.
  4180 | D:5      | Reached skill level 5 in Shields
  4314 | D:5      | Reached skill level 5 in Armour
  4314 | D:5      | Reached XP level 7. HP: 56/61 MP: 7/7
  5623 | D:6      | Reached XP level 8. HP: 66/71 MP: 8/8
  5959 | D:6      | Found Keick's Self-Improvement Boutique.
  6003 | D:6      | Slain by an ogre

Illustrated notes

Levels and vault maps discovered:
D:1:      psy_arrival_whirlpool, layout_loops_ring, serial_shops, shop,
          serial_bayou_pond_a, hex_tiny, supply_closet_lemuel
D:2:      layout_basic, hellmonk_ecumenical_altar_prayer_group,
          grunt_decor_one_mirror, minmay_vboxes
D:3:      layout_rooms, mainiacjoe_overflow_24_doors, guppyfry_early_orc_mine
D:4:      due_chaos_kobolds, layout_basic, kennysheep_mini,
          general_overflow_altar, kennysheep_mini_moat,
          minmay_temple_entry_ruins
D:5:      layout_gridville, nicolae_tso_besieged_by_evil, serial_glass,
          glass_columns_a, glass_columns_a, glass_columns_a, glass_columns_a,
          glass_columns_a, glass_columns_b, glass_columns_a, glass_columns_a
D:6:      layout_basic, nicolae_shop_self_help
Temple:   hellmonk_temple_flake

Skill      XL: |  1  2  3  4  5  6  7  8 |
---------------+-------------------------+-----
Axes           | 3 4 5 6 |  6.9
Fighting       | 4 5 6 |  6.8
Shields        | 4 5 6 |  6.2
Armour         | 4 5 6 |  6.2

Action                   |  1- 3 |  4- 6 |  7- 9 || total
-------------------------+-------+-------+-------++-------
Melee: War axe           |   116 |   123 |   117 ||   356
Throw: Boomerang         |       |       |    16 ||    16
  Use: Scroll            |       |     9 |       ||     9
       Potion            |       |     1 |     1 ||     2
 Stab: Distracted        |       |     1 |       ||     1
Armor: Scale mail        |    67 |    62 |    65 ||   194
Dodge: Dodged            |    70 |    76 |    60 ||   206
Block: Buckler           |    35 |    31 |    33 ||    99

Table legend: (Time is in decaauts)
 A = Elapsed time spent in this place.
 B = Non-inter-level travel time spent in this place.
 C = Inter-level travel time spent in this place.
 D = Time resting spent in this place.
 E = Time spent auto-exploring this place.
 F = Levels seen in this place.
 G = Mean time per level.
                   A        B        C        D        E       F      G
               +--------+--------+--------+--------+--------+-----+--------+
         Total |   6120 |   5914 |    206 |   1334 |   3657 |   7 |  874.3 |
       Dungeon |   6047 |   5849 |    198 |   1334 |   3612 |   6 | 1007.8 |
        Temple |     72 |     64 |      8 |      0 |     45 |   1 |   72.0 |
               +--------+--------+--------+--------+--------+-----+--------+

Top non-repeatable levels by time:
     D:5: 1554 daAuts
     D:4: 1370 daAuts
     D:2: 1079 daAuts
     D:3: 822 daAuts
     D:1: 810 daAuts
     D:6: 409 daAuts
  Temple: 72 daAuts
